 Dungeon Crawl Stone Soup version 0.28-a0-872-g80cf8599ee (webtiles) character file.

Game seed: 8159582937329088064

4280 siradein the Cleaver (level 10, 0/91 HPs)
             Began as a Hill Orc Fighter on Nov 20, 2021.
             Was a Follower of Beogh.
             Slain by a four-headed hydra (11 damage)
             ... on level 8 of the Dungeon.
             The game lasted 00:16:45 (10555 turns).

siradein the Cleaver (Hill Orc Fighter)            Turns: 10555, Time: 00:16:47

Health: 0/91       AC:  9    Str: 23    XL:     10   Next: 32%
Magic:  10/10      EV: 12    Int:  8    God:    Beogh [*.....]
Gold:   363        SH:  5    Dex: 10    Spells: 9/9 levels left

rFire   + . .      SeeInvis .   K - +2 dagger (venom)
rCold   . . .      Faith    .   (no shield)
rNeg    . . .      Spirit   .   F - +0 ring mail {rF+}
rPois   .          Reflect  +   (no helmet)
rElec   .          Harm     .   k - +0 cloak
rCorr   .          Rampage  .   M - +0 pair of gloves
Will    .....                   (no boots)
Stlth   ..........              D - amulet of reflection
HPRegen 0.25/turn               (no ring)
MPRegen 0.12/turn               (no ring)

@: no status effects
A: no striking features
a: Renounce Religion


You were on level 8 of the Dungeon.
You worshipped Beogh.
Beogh was aware of your devotion.
You visited 1 branch of the dungeon, and saw 8 of its levels.
You also visited: Ossuary.

You collected 363 gold pieces.

Inventory:

Hand Weapons
 a - a +0 war axe
 g - a +0 battleaxe
 K - a +2 dagger of venom (weapon)
Missiles
 f - 312 stones (quivered)
 o - 4 javelins
 u - 9 boomerangs
 G - 40 poisoned darts
 H - a throwing net
Armour
 k - a +0 cloak (worn)
 F - a +0 ring mail of fire resistance (worn)
 M - a +0 pair of gloves (worn)
 N - the +0 robe "Owel" {rPois Will- Int+2 Slay+6}
   (You found it on level 8 of the Dungeon)

   Int:       It affects your intelligence (+2).
   Slay:      It affects your accuracy & damage with ranged weapons and melee
   (+6).
   rPois:     It protects you from poison.
   Will:      It decreases your willpower.
Jewellery
 D - an amulet of reflection (around neck)
 L - a ring of resist corrosion
Wands
 x - a wand of mindburst (12)
 J - a wand of flame (16)
Scrolls
 c - 4 scrolls of blinking {unknown}
 d - a scroll of fear {unknown}
 e - 6 scrolls of identify {unknown}
 h - 2 scrolls of magic mapping {unknown}
 i - 2 scrolls of enchant weapon {unknown}
 p - a scroll of vulnerability {unknown}
 q - 4 scrolls of teleportation {unknown}
 s - 4 scrolls of enchant armour {unknown}
 t - a scroll of silence {unknown}
 v - a scroll of noise {unknown}
 w - 2 scrolls of torment {unknown}
 y - a scroll of brand weapon {unknown}
 I - a scroll of immolation {unknown}
Potions
 b - 3 potions of resistance {unknown}
 j - 13 potions of curing
 l - 2 potions of ambrosia {unknown}
 m - 2 potions of degeneration {unknown}
 n - a potion of invisibility {unknown}
 r - 3 potions of brilliance {unknown}
 z - 3 potions of haste {unknown}
 A - 2 potions of flight {unknown}
 B - 3 potions of cancellation {unknown}
 C - 5 potions of heal wounds {unknown}
 E - a potion of attraction {unknown}
 O - a potion of lignification {unknown}


   Skills:
 + Level 9.5 Fighting
 + Level 9.9 Axes
 + Level 8.8 Armour
 + Level 6.0 Dodging
 - Level 3.4 Shields


You had 9 spell levels left.
You didn't know any spells.
Your spell library contained the following spells:

 Spells                   Type           Power      Damage    Failure   Level
 Foxfire                  Conj/Fire      0%         2x1d4     54%         1
 Summon Small Mammal      Summ           0%         N/A       54%         1
 Call Canine Familiar     Summ           0%         N/A       88%         3
 Conjure Flame            Conj/Fire      0%         6-21      88%         3
 Inner Flame              Hex/Fire       0%         N/A       88%         3
 Summon Guardian Golem    Hex/Summ       0%         N/A       88%         3
 Flame Wave               Conj/Fire      0%         3d3       99%         4
 Orb of Destruction       Conj           0%         N/A       100%        7
 Spellforged Servitor     Conj/Summ      0%         N/A       100%        7


Dungeon Overview and Level Annotations

Branches:
Dungeon (8/15)             Temple (0/1) D:7         Ossuary (visited)
   Lair: D:8-11

Altars:
Uskayaw
The Shining One

Annotations:
D:3 1 runed translucent door, Crazy Yiuf


Message History

The four-headed hydra is lightly wounded.
The four-headed hydra bites you!
The four-headed hydra barely misses you.
The four-headed hydra bites you!
The four-headed hydra bites you but does no damage.
You hit the four-headed hydra.
The four-headed hydra is lightly wounded.
The four-headed hydra bites you. The four-headed hydra bites you!
The four-headed hydra closely misses you.
You block the four-headed hydra's attack.
You hit the four-headed hydra.
The four-headed hydra is lightly wounded.
You block the four-headed hydra's attack.
The four-headed hydra bites you!
The four-headed hydra bites you but does no damage.
The four-headed hydra closely misses you.
You hit the four-headed hydra.
The four-headed hydra is lightly wounded.
The four-headed hydra bites you but does no damage.
The four-headed hydra misses you.
The four-headed hydra bites you but does no damage.
The four-headed hydra bites you!
You hit the four-headed hydra.
The four-headed hydra is lightly wounded.
You block the four-headed hydra's attack.
The four-headed hydra bites you.
The four-headed hydra closely misses you.
The four-headed hydra barely misses you.
You hit the four-headed hydra.
The four-headed hydra is poisoned.
The four-headed hydra is lightly wounded.
You block the four-headed hydra's attack.
The four-headed hydra bites you. x2; The four-headed hydra bites you!
* * * LOW HITPOINT WARNING * * *
You puncture the four-headed hydra!
The four-headed hydra is moderately wounded.
The four-headed hydra bites you!
* * * LOW HITPOINT WARNING * * *
The four-headed hydra bites you but does no damage.
The four-headed hydra bites you!
You die...

#.......#.#.....##..
#...D...#.......##..
#.......#.......##..
#.......#.......##.. #...#
#........'.. ##)##
#........#.. ##### #.#S#
#.....#..#..
#...####D#####.#..#.....
####.###[.@#...#.....#.....
#....#.#..#.#..####..#.....
#.####.####.####.........#.
#.# #.# #....#####......#.
#.# #.# #.#..# #......#.
#.####.# #.#..## #..###.#.
#......###.#...# #..# #.#.
#######........####..###.#.
#.##.##...........[#<


You could see a four-headed hydra (very poisoned) and a water moccasin
(poisoned).

Vanquished Creatures
  Pikel (D:6)
  A manticore (D:6)
  Grinder (D:6)
  Sigmund (D:3)
  2 steam dragons
  Duvessa (D:6)
  2 orc warriors (D:5)
  A sky beast (D:7)
  2 ice beasts
  A hornet zombie (D:8)
  An ogre (D:5)
  2 necrophages
  4 centaurs
  2 kobold brigands (D:7)
  A phantom (D:5)
  Blork the orc (D:5)
  2 bullfrogs
  A gnoll sergeant (D:8)
  2 scorpions
  A wyvern zombie (D:6)
  6 water moccasin zombies (Ossuary)
  Dowan (D:6)
  3 wights (D:7)
  2 jellies
  2 hounds (D:6)
  2 iguanas
  2 orc wizards
  2 howler monkey zombies (D:7)
  2 mummies (Ossuary)
  7 adders
  2 shadow imps
  An ufetubus (D:7)
  5 adder zombies (Ossuary)
  2 dart slugs
  25 orcs
  11 ball pythons
  7 endoplasms
  4 giant cockroaches
  6 goblins
  8 hobgoblins
  12 jackals
  A quokka (D:2)
  6 bats
  2 frilled lizards
  3 gnoll zombies (Ossuary)
  2 hobgoblin zombies (Ossuary)
  16 kobolds
  3 kobold zombies (Ossuary)
  6 orc zombies (Ossuary)
  5 rats
186 creatures vanquished.

Vanquished Creatures (others)
  6 plants (D:1)
  5 toadstools (D:1)
11 creatures vanquished.

Grand Total: 197 creatures vanquished

Notes
Turn   | Place    | Note
-------+----------+-------------------------------------------
     0 | D:1      | siradein the Hill Orc Fighter began the quest for the Orb.
     0 | D:1      | Reached XP level 1. HP: 19/19 MP: 1/1
   286 | D:1      | Reached XP level 2. HP: 27/27 MP: 2/2
   642 | D:1      | Found a faded altar of an unknown god.
   713 | D:1      | Reached XP level 3. HP: 26/33 MP: 3/3
  1615 | D:2      | Reached skill level 1 in Dodging
  1615 | D:2      | Reached XP level 4. HP: 38/40 MP: 4/4
  2356 | D:3      | Found a runed translucent door.
  2357 | D:3      | Noticed Crazy Yiuf
  3273 | D:3      | Noticed Sigmund
  3275 | D:3      | Reached XP level 5. HP: 47/47 MP: 5/5
  3337 | D:3      | Killed Sigmund
  3338 | D:3      | Reached skill level 5 in Fighting
  3338 | D:3      | Reached XP level 6. HP: 23/56 MP: 6/6
  4315 | D:4      | Reached skill level 5 in Axes
  4636 | D:5      | Entered Level 5 of the Dungeon
  4640 | D:5      | Noticed Blork the orc
  4659 | D:5      | Killed Blork the orc
  4660 | D:5      | Reached skill level 5 in Armour
  4790 | D:5      | Noticed an ice beast
  4800 | D:5      | Killed an ice beast
  4801 | D:5      | Reached XP level 7. HP: 61/61 MP: 7/7
  4894 | D:5      | Found a sand-covered staircase.
  4902 | Ossuary  | Entered an ossuary
  5190 | Ossuary  | Reached XP level 8. HP: 68/70 MP: 8/8
  5564 | D:5      | Found a glowing golden altar of the Shining One.
  6082 | D:6      | Noticed a manticore
  6125 | D:6      | Noticed Duvessa
  6139 | D:6      | Noticed Dowan
  6483 | D:6      | Killed Duvessa
  6484 | D:6      | Killed Dowan
  6764 | D:6      | Reached XP level 9. HP: 25/79 MP: 9/9
  7451 | D:6      | Killed a manticore
  7712 | D:6      | Noticed Grinder
  7721 | D:6      | Killed Grinder
  7836 | D:6      | Noticed Pikel
  7849 | D:6      | Killed Pikel
  7850 | D:6      | Reached skill level 5 in Dodging
  8648 | D:7      | Became a worshipper of Beogh the Brigand
  8651 | D:7      | Reached XP level 10. HP: 77/91 MP: 10/10
  9157 | D:7      | Found a staircase to the Ecumenical Temple.
  9254 | D:7      | Found a hide-covered altar of Uskayaw.
 10201 | D:8      | Identified the +0 robe "Owel" {rPois Will- Int+2 Slay+6}
 10446 | D:8      | Reached * piety under Beogh
 10538 | D:8      | Noticed a four-headed hydra
 10555 | D:8      | Slain by a four-headed hydra

Illustrated notes

Levels and vault maps discovered:
D:1:      ldierk_walled_garden, layout_basic,
          shapermc_ecumenical_altar_mp_ritualfount
D:2:      layout_loops_cross, minmay_3d_cube
D:3:      layout_basic, minmay_misc_feat_enclosed, uniq_crazy_yiuf_cottage,
          uniq_sigmund
D:4:      layout_loops_corners
D:5:      layout_basic, kennysheep_little_box, enter_ossuary_1,
          uniq_blork_the_orc
D:6:      layout_rooms, uniq_duvessa, uniq_grinder, uniq_pikel
D:7:      layout_basic, nicolae_uskayaw_dance_studio,
          minmay_temple_entry_statues
D:8:      layout_basic, nrook_uturn, wad_rectangle_vault

Skill      XL: |  1  2  3  4  5  6  7  8  9 10 |
---------------+-------------------------------+-----
Axes           | 3 4 5 6 7 9 |  9.9
Fighting       | 4 5 6 7 9 |  9.5
Dodging        | 1 2 3 4 5 6 |  6.0
Armour         | 4 5 7 8 |  8.8
Shields        | |  3.4

Action                   |  1- 3 |  4- 6 |  7- 9 | 10-12 || total
-------------------------+-------+-------+-------+-------++-------
Melee: War axe           |    15 |       |       |       ||    15
       Battleaxe         |    82 |   149 |   251 |    35 ||   517
       Dagger            |       |       |       |   106 ||   106
Throw: Dart              |       |       |     8 |       ||     8
       Stone             |       |       |     2 |       ||     2
Invok: Convert to Beogh  |       |       |     1 |       ||     1
  Use: Potion            |       |       |     2 |       ||     2
Armor: Scale mail        |    72 |    37 |       |       ||   109
       Chain mail        |       |    59 |    55 |       ||   114
       Ring mail         |       |       |    60 |    49 ||   109
Dodge: Dodged            |    66 |    86 |   149 |    67 ||   368
Block: Buckler           |     8 |       |       |       ||     8
       Other             |       |       |    38 |    34 ||    72
       Reflection        |       |       |     4 |     3 ||     7

Table legend: (Time is in decaauts)
 A = Elapsed time spent in this place.
 B = Non-inter-level travel time spent in this place.
 C = Inter-level travel time spent in this place.
 D = Time resting spent in this place.
 E = Time spent auto-exploring this place.
 F = Levels seen in this place.
 G = Mean time per level.
                   A        B        C        D        E       F      G
               +--------+--------+--------+--------+--------+-----+--------+
         Total |  10777 |  10584 |    193 |   1193 |   7242 |   9 | 1197.4 |
       Dungeon |  10307 |  10114 |    193 |   1193 |   6927 |   8 | 1288.4 |
       Ossuary |    469 |    469 |      0 |      0 |    315 |   1 |  469.0 |
               +--------+--------+--------+--------+--------+-----+--------+

Top non-repeatable levels by time:
     D:5: 1819 daAuts
     D:6: 1534 daAuts
     D:7: 1475 daAuts
     D:3: 1442 daAuts
     D:2: 1175 daAuts
     D:1: 1164 daAuts
     D:4: 971 daAuts
     D:8: 725 daAuts
 Ossuary: 469 daAuts
